 Dungeon Sprint DCSS version 0.19-a0-895-gdbd5520 (webtiles) character file.

53401 LORDOFBUTT the Wrestler (level 14, -31/167 HPs)
             Began as a Troll Berserker on July 4, 2016.
             Was a High Priest of Trog.
             Killed from afar by a frost giant (37 damage)
             ... with a bolt of cold
             ... in the Dungeon (Sprint IX: "|||||||||||||||||||||||||||||").
             The game lasted 00:13:27 (3567 turns).

LORDOFBUTT the Wrestler (Troll Berserker)           Turns: 3567, Time: 00:13:31

Health: -31/167    AC: 26    Str: 28    XL:     14   Next: 30%
Magic:  14/14      EV: 17    Int:  3    God:    Trog [*****.]
Gold:   1825       SH:  0    Dex: 13    Spells: 0 memorised, 13 levels left

rFire  + + .     SeeInvis .       - Unarmed
rCold  . . .     Gourm    +     A - +8 fire dragon armour
rNeg   . . .     Faith    .     (no shield)
rPois  +         Spirit   .     (helmet restricted)
rElec  .         Dismiss  .     z - +2 cloak {rPois}
rCorr  .         Reflect  .     (gloves unavailable)
SustAt .         Harm     .     (boots unavailable)
MR     ++...     NoTele   +     (no amulet)
Stlth  ..........               y - ring of protection from magic
                                r - ring of protection from cold

@: exhausted, very resistant to hostile enchantments, extremely unstealthy
A: unfitting armour, claws 3, horns 1, fast metabolism 3, gourmand, regeneration
2, shaggy fur 1, tough skin 2
a: Berserk, Trog's Hand, Brothers in Arms, Burn Spellbooks, Renounce Religion


You were in the Dungeon.
You worshipped Trog.
Trog was extremely pleased with you.
You were full.

You visited 1 branch You collected 1915 gold pieces.
You spent 90 gold pieces at shops.

Inventory:

Missiles
 n - 5 javelins of penetration (quivered)
Armour
 a - a +0 animal skin
 z - a +2 cloak of poison resistance (worn)
 A - a +8 fire dragon armour (worn)
Jewellery
 l - a +3 ring of dexterity
 m - a +3 ring of strength
 r - a ring of protection from cold (left claw)
 y - a ring of protection from magic (right claw)
Wands
 k - a wand of lightning (4/15)
Scrolls
 j - 4 scrolls of remove curse
 q - 2 scrolls of recharging
 t - a scroll of enchant armour
 u - 5 scrolls of enchant weapon
Potions
 c - 7 potions of curing
 d - a potion of degeneration {unknown}
 e - 2 potions of haste
 f - 5 potions of magic
 g - a potion of berserk rage
 i - a potion of invisibility
 o - a potion of brilliance
 p - 2 potions of cure mutation
 s - 2 potions of agility
Comestibles
 b - 14 bread rations
 w - 40 fruits
 x - 12 meat rations


   Skills:
 + Level 17.8 Fighting
 + Level 11.4 Armour
 + Level 16.6 Dodging
 + Level 4.1 Stealth
 + Level 21.9 Unarmed Combat
 + Level 1.9 Evocations


You had 13 spell levels left.
You didn't know any spells.

Dungeon Overview and Level Annotations

Branches:
Dungeon (1/1)

Altars:
Cheibriados
Dithmenos
Elyvilon
Fedhas
Gozag
Hepliaklqana
Kikubaaqudgha
Makhleb
Nemelex Xobeh
Okawaru
Pakellas
Qazlal
Ru
Sif Muna
Trog
Uskayaw
Vehumet
Xom
Yredelemnul
Zin
The Shining One
Beogh
Jiyva
Lugonu

Shops:
D [[!*


Innate Abilities, Weirdness & Mutations

You are too large for most types of armour.
You have claws for hands.
Your metabolism is lightning-fast.
You like to eat raw meat.
You heal very quickly.
You are covered in fur. (AC +1)
You have very tough skin. (AC +2)
You have a pair of small horns on your head.


Message History

The bolt of cold hits your iron troll.
Your iron troll resists.
The bolt of cold misses you.
Items here: ) ††† a giant spiked club; a boulder beetle corpse; a hill giant corpse a shapeshifter corpse The blink frog changes into a naga!
The frost giant hits your iron troll with a battleaxe of freezing!
Your iron troll bites the frost giant!
Your iron troll claws the frost giant!
Your iron troll claws the frost giant!!
Items here: ( ) [ † a morningstar; a scale mail; 4 large rocks; a human corpse Unknown command.
Your stone giant goes berserk!
You feel quite a bit less full.
The frost giant gestures at your iron troll while chanting.
The bolt of cold hits your iron troll.
Your iron troll resists.
The bolt of cold hits your stone giant. The bolt of cold hits you!
You die...

▓▓▓▓▓▓▓▓▓▓▓▓▓▓▓▓▓▓▓▓▓▓▓▓▓
eGNWcCTC@)))+.(.)...)((..
▓▓▓▓▓▓▓▓▓▓▓▓▓▓▓▓▓▓▓▓▓▓▓▓▓▓▓▓▓▓▓▓▓
.............)...................
▓▓♣♣♣♣♣♣♣♣♣♣▓▓▓▓▓▓▓▓▓▓▓▓▓▓▓▓▓▓▓▓▓
.'.....††..)........)†...)((())'(
▓▓♣♣♣♣♣♣♣♣♣♣▓▓▓▓▓▓▓▓▓▓▓▓▓▓▓▓▓▓▓▓▓
.................................
▓▓▓▓▓▓▓▓▓▓▓▓▓▓▓▓▓▓▓▓▓▓▓▓▓▓▓▓▓▓▓▓▓
.)..(.(.).(().(.(........[[[[[[[.


You could see a frost giant, a giant orange brain, a yaktaur, a freezing wraith,
a naga shaped shifter, a friendly iron troll (berserk) and a friendly stone
giant (berserk).

Vanquished Creatures
  Saint Roka (D)
  A tengu reaver (D)
  A fire giant (D)
  A very ugly thing (D)
  An ironheart preserver (D)
  A stone giant (D)
  A merfolk javelineer (D)
  A merfolk impaler (D)
  A fire dragon (D)
  Erolcha (D)
  4 hydras (D)
  A naga warrior (D)
  A spriggan air mage (D)
  2 centaur warriors (D)
  2 alligators (D)
  A naga sharpshooter (D)
  A tengu warrior (D)
  5 orc high priests (D)
  A swamp dragon (D)
  A necromancer (D)
  4 orc knights (D)
  3 hill giants (D)
  4 wolf spiders (D)
  A griffon (D)
  2 orb spiders (D)
  A wizard (D)
  An ugly thing (D)
  2 manticores (D)
  2 salamanders (D)
  2 octopodes (shapeshifter) (D)
  2 vault sentinels (D)
  A siren (D)
  4 black mambas (D)
  3 spiny frogs (D)
  A yaktaur (D)
  A jumping spider (D)
  A troll (D)
  4 merfolk (D)
  5 polar bears (D)
  A blink frog (D)
  2 slime creatures (D)
  A boulder beetle (D)
  A water elemental (D)
  2 redbacks (D)
  A wraith (D)
  2 yaks (D)
  Grum (D)
  A basilisk (D)
  4 vampire mosquitoes (D)
  9 orc warriors (D)
  A sky beast (D)
  3 black bears (D)
  2 wolves (D)
  2 crocodiles (D)
  5 giant frogs (D)
  7 orc wizards (D)
  2 hounds (D)
  An orc priest (D)
  2 jellies (D)
  2 iguanas (D)
  2 adders (D)
  A river rat (D)
  9 orcs (D)
  A bat zombie (D)
  A giant cockroach (D)
  2 giant newts (D)
  2 rats (D)
143 creatures vanquished.

Vanquished Creatures (collateral kills)
  A lich (D)
  Agnes (D)
  A frost giant (D)
  A vault warden (D)
  2 stone giants (D)
  A very ugly thing (D)
  A yaktaur captain (D)
  A great orb of eyes (D)
  A hydra (D)
  2 deep troll shamans (D)
  2 orc high priests (D)
  2 shock serpents (D)
  A giant orange brain (D)
  An orc knight (D)
  An ugly thing (D)
  A cyclops (D)
  A yaktaur (D)
  A troll (D)
  5 orc warriors (D)
  An ogre (D)
  A crocodile (D)
  3 orcs (D)
  A bat zombie (D)
33 creatures vanquished.

Vanquished Creatures (others)
  A cyclops (D)
1 creature vanquished.

Grand Total: 177 creatures vanquished

Notes
Turn   | Place    | Note
-------+----------+-------------------------------------------
     0 | D        | LORDOFBUTT the Troll Berserker began the quest for the Orb.
     0 | D        | Reached XP level 1. HP: 22/22 MP: 0/0
     8 | D        | Reached ** piety under Trog
    20 | D        | Noticed a jelly
    20 | D        | Noticed a sky beast
    20 | D        | Noticed an orc wizard
    28 | D        | Killed an orc wizard
    28 | D        | Reached *** piety under Trog
    28 | D        | Reached skill level 4 in Unarmed Combat
    28 | D        | Reached XP level 2. HP: 28/32 MP: 1/1
    28 | D        | Reached XP level 3. HP: 34/39 MP: 2/2
    44 | D        | Killed a sky beast
    44 | D        | Reached skill level 5 in Fighting
    44 | D        | Reached skill level 5 in Dodging
    44 | D        | Reached skill level 6 in Unarmed Combat
    44 | D        | Reached XP level 4. HP: 31/50 MP: 3/3
    44 | D        | Reached XP level 5. HP: 35/57 MP: 4/4
    46 | D        | Reached **** piety under Trog
    86 | D        | Found a glowing silver altar of Zin.
    86 | D        | Found a glowing golden altar of the Shining One.
    86 | D        | Found an ancient bone altar of Kikubaaqudgha.
    86 | D        | Found a basalt altar of Yredelemnul.
    86 | D        | Found a shimmering altar of Xom.
    86 | D        | Found a radiant altar of Vehumet.
    87 | D        | Found an iron altar of Okawaru.
    88 | D        | Found a burning altar of Makhleb.
    89 | D        | Found a deep blue altar of Sif Muna.
    90 | D        | Found a bloodstained altar of Trog.
    91 | D        | Found a sparkling altar of Nemelex Xobeh.
    92 | D        | Found a white marble altar of Elyvilon.
    93 | D        | Found a roughly hewn altar of Beogh.
    94 | D        | Found a viscous altar of Jiyva.
    95 | D        | Found a corrupted altar of Lugonu.
    96 | D        | Found a blossoming altar of Fedhas.
    97 | D        | Found a snail-covered altar of Cheibriados.
    98 | D        | Found a shadowy altar of Dithmenos.
    99 | D        | Found a stormy altar of Qazlal.
   100 | D        | Found an opulent altar of Gozag.
   101 | D        | Found a sacrificial altar of Ru.
   102 | D        | Found an oddly glowing altar of Pakellas.
   103 | D        | Found a hide-covered altar of Uskayaw.
   104 | D        | Found a hazy altar of Hepliaklqana.
   130 | D        | Noticed a hill giant
   131 | D        | Reached skill level 7 in Unarmed Combat
   147 | D        | Killed a hill giant
   147 | D        | Reached ***** piety under Trog
   147 | D        | Reached skill level 9 in Unarmed Combat
   147 | D        | Reached XP level 6. HP: 13/72 MP: 5/5
   147 | D        | Reached XP level 7. HP: 15/80 MP: 6/6
   303 | D        | Noticed a griffon
   303 | D        | Noticed a hill giant
   303 | D        | Noticed a basilisk
   303 | D        | Noticed a manticore
   307 | D        | Killed a manticore
   307 | D        | Reached skill level 10 in Unarmed Combat
   307 | D        | Reached XP level 8. HP: 92/92 MP: 7/7
   311 | D        | Received a gift from Trog
   317 | D        | Killed a hill giant
   317 | D        | Reached skill level 11 in Unarmed Combat
   321 | D        | Killed a griffon
   321 | D        | Reached skill level 10 in Fighting
   321 | D        | Reached skill level 10 in Dodging
   321 | D        | Reached XP level 9. HP: 58/102 MP: 8/8
   324 | D        | Reached ****** piety under Trog
   324 | D        | Reached skill level 12 in Unarmed Combat
   454 | D        | Got the ring of Wablud {rPois rF+ rN+++ Str+4 Slay-4}
   469 | D        | Noticed a four-headed hydra
   474 | D        | Received a gift from Trog
   475 | D        | Noticed a black mamba
   481 | D        | Killed an eight-headed hydra
   482 | D        | Reached skill level 13 in Unarmed Combat
   493 | D        | Killed a black mamba
   531 | D        | Noticed a seven-headed hydra
   531 | D        | Noticed a four-headed hydra
   531 | D        | Noticed a seven-headed hydra
   537 | D        | Killed a seven-headed hydra
   537 | D        | Reached XP level 10. HP: 111/114 MP: 9/9
   538 | D        | Received a gift from Trog
   547 | D        | Killed a nine-headed hydra
   550 | D        | Killed a ten-headed hydra
   550 | D        | Reached skill level 14 in Unarmed Combat
   557 | D        | Received a gift from Trog
   621 | D        | Got a twisted hand crossbow {god gift}
   622 | D        | Identified the +2 hand crossbow of Courage {speed, Int+7} (Trog gifted it to you in the Dungeon)
   738 | D        | Received a gift from Trog
   897 | D        | Noticed Erolcha
   899 | D        | Paralysed by Erolcha for 4 turns
   905 | D        | Killed Erolcha
  1074 | D        | Noticed an orc knight
  1088 | D        | Killed an orc knight
  1088 | D        | Received a gift from Trog
  1088 | D        | Reached skill level 1 in Stealth
  1088 | D        | Reached skill level 15 in Unarmed Combat
  1088 | D        | Reached XP level 11. HP: 100/127 MP: 10/10
  1106 | D        | Received a gift from Trog
  1176 | D        | Noticed an orc knight
  1179 | D        | Received a gift from Trog
  1195 | D        | Killed an orc knight
  1202 | D        | Received a gift from Trog
  1329 | D        | Found Fetwoh's Assorted Antiques.
  1329 | D        | Noticed an orc knight
  1329 | D        | Noticed an orc high priest
  1329 | D        | Noticed an orc high priest
  1330 | D        | Noticed an orc high priest
  1333 | D        | Noticed an orc high priest
  1333 | D        | Killed an orc high priest
  1337 | D        | Killed an orc high priest
  1338 | D        | Found Mojuda Fedeu's Distillery.
  1348 | D        | Killed an orc knight
  1348 | D        | Reached skill level 16 in Unarmed Combat
  1351 | D        | Received a gift from Trog
  1355 | D        | Found Ilimew's Antique Armour Boutique.
  1361 | D        | Killed an orc high priest
  1363 | D        | Noticed an orc high priest
  1365 | D        | Noticed a soul eater
  1367 | D        | HP: 4/127 [soul eater/drain life[an orc high priest] (14)]
  1368 | D        | HP: 1/127 [soul eater[an orc high priest] (11)]
  1369 | D        | Noticed an orc high priest
  1381 | D        | Killed an orc high priest
  1390 | D        | Killed an orc high priest
  1436 | D        | Killed an orc high priest
  1436 | D        | Received a gift from Trog
  1455 | D        | Found Wisali Noaf's Antique Armour Shop.
  1460 | D        | Noticed an orc high priest
  1461 | D        | Noticed an orc knight
  1468 | D        | Killed an orc high priest
  1473 | D        | Killed an orc knight
  1482 | D        | Bought a glowing cloak for 90 gold pieces
  1685 | D        | Noticed a centaur warrior
  1689 | D        | Noticed a stone giant
  1691 | D        | Noticed an orc knight
  1696 | D        | Noticed a green ugly thing
  1697 | D        | Killed a centaur warrior
  1697 | D        | Reached skill level 17 in Unarmed Combat
  1708 | D        | Killed a stone giant
  1708 | D        | Received a gift from Trog
  1708 | D        | Reached skill level 1 in Armour
  1708 | D        | Reached skill level 15 in Dodging
  1708 | D        | Reached XP level 12. HP: 40/140 MP: 11/11
  1714 | D        | Noticed a green very ugly thing
  1719 | D        | Noticed a great orb of eyes
  1729 | D        | Killed a brown very ugly thing
  1732 | D        | Received a gift from Trog
  1735 | D        | Killed a great orb of eyes
  1750 | D        | Gained mutation: Your spells are a little easier to cast, but a little less powerful. [mutagenic meat]
  1753 | D        | Gained mutation: You are frail. (-10% HP) [mutagenic meat]
  1753 | D        | Lost mutation: Your spells are a little easier to cast, but a little less powerful. [potion of cure mutation]
  1753 | D        | Lost mutation: You are frail. (-10% HP) [potion of cure mutation]
  1757 | D        | Gained mutation: You have a pair of small horns on your head. [mutagenic meat]
  1981 | D        | Noticed a merfolk impaler
  1984 | D        | Noticed a merfolk javelineer
  1992 | D        | Received a gift from Trog
  1992 | D        | Reached skill level 18 in Unarmed Combat
  1997 | D        | Killed a merfolk impaler
  1997 | D        | Reached skill level 15 in Fighting
  2007 | D        | Killed a merfolk javelineer
  2090 | D        | Noticed a naga warrior
  2095 | D        | Killed a naga warrior
  2097 | D        | Received a gift from Trog
  2131 | D        | Received a gift from Trog
  2131 | D        | Reached skill level 19 in Unarmed Combat
  2132 | D        | Reached skill level 5 in Armour
  2313 | D        | Got a crystal battleaxe {god gift}
  2314 | D        | Identified the +3 battleaxe of the Rat {chop, Int+2} (Trog gifted it to you in the Dungeon)
  2465 | D        | Received a gift from Trog
  2465 | D        | Reached XP level 13. HP: 152/152 MP: 12/12
  2520 | D        | Received a gift from Trog
  2586 | D        | Noticed Grum
  2591 | D        | Killed Grum
  2595 | D        | Received a gift from Trog
  2603 | D        | Noticed Saint Roka
  2620 | D        | Killed Saint Roka
  2620 | D        | Reached skill level 20 in Unarmed Combat
  2814 | D        | Noticed Agnes
  2831 | D        | HP: 6/154 [Agnes/lajatang of speed (6)]
  2834 | D        | Killed Agnes
  3095 | D        | Noticed a frost giant
  3095 | D        | Noticed a lich
  3095 | D        | Noticed a fire giant
  3099 | D        | Received a gift from Trog
  3114 | D        | Killed a fire giant
  3117 | D        | Noticed a reaper
  3123 | D        | Noticed a stone giant
  3133 | D        | Noticed a Hell Sentinel
  3141 | D        | Killed a lich
  3148 | D        | Killed a frost giant
  3149 | D        | Received a gift from Trog
  3151 | D        | HP: 7/156 [yaktaur captain/bolt (12)]
  3168 | D        | Killed a stone giant
  3168 | D        | Reached skill level 10 in Armour
  3168 | D        | Reached skill level 21 in Unarmed Combat
  3207 | D        | Received a gift from Trog
  3227 | D        | Noticed a cyan very ugly thing
  3233 | D        | HP: 4/157 [cyan very ugly thing (26)]
  3237 | D        | Killed a cyan very ugly thing
  3237 | D        | Reached XP level 14. HP: 6/166 MP: 13/13
  3314 | D        | Reached skill level 1 in Evocations
  3469 | D        | Noticed a stone giant
  3470 | D        | Noticed a tengu reaver
  3476 | D        | Killed a stone giant
  3476 | D        | Received a gift from Trog
  3486 | D        | Killed a tengu reaver
  3535 | D        | Received a gift from Trog
  3540 | D        | Noticed an ironheart preserver
  3546 | D        | Noticed a vault warden
  3548 | D        | Noticed a frost giant
  3552 | D        | Killed an ironheart preserver
  3563 | D        | HP: 3/167 [vault warden/war axe (9)]
  3564 | D        | Killed a vault warden
  3567 | D        | Killed from afar by a frost giant

Vault maps used:
D:        linesprint

Skill      XL: |  1  2  3  4  5  6  7  8  9 10 11 12 13 14 |
---------------+-------------------------------------------+-----
Fighting       | 4 5 8 9 10 11 13 14 15 17 | 17.8
Dodging        | 3 5 8 9 10 11 13 15 16 | 16.6
Unarmed Combat | 4 6 9 10 11 13 15 17 19 21 | 21.9
Stealth        | 1 2 3 4 |  4.1
Armour         | 1 5 10 11 | 11.4
Evocations     | 1 |  1.9

Action                   |  1- 3 |  4- 6 |  7- 9 | 10-12 | 13-15 || total
-------------------------+-------+-------+-------+-------+-------++-------
Melee: Unarmed           |    31 |    19 |    42 |   249 |   152 ||   493
       Punch             |       |     1 |     3 |    23 |    32 ||    59
       Headbutt          |       |       |       |    11 |    49 ||    60
Invok: Berserk           |       |       |     2 |     6 |     3 ||    11
       Brothers in Arms  |       |       |     1 |     4 |     9 ||    14
Evoke: Wand              |       |       |       |       |     3 ||     3
  Use: Scroll            |       |       |       |     9 |     1 ||    10
       Potion            |       |       |       |     5 |     1 ||     6
 Stab: Distracted        |       |       |       |       |     1 ||     1
  Eat: Chunk             |       |       |     8 |    28 |    19 ||    55
Armor: Animal skin       |    11 |     1 |     4 |    12 |       ||    28
       Fire dragon armou |       |       |       |    34 |    42 ||    76
Dodge: Dodged            |     9 |    11 |    24 |   135 |    54 ||   233
